[Event "Early-Titled-Tuesday-Blitz-March-19-2024"]
[Site "Chess.com"]
[Date "2024.03.19"]
[Round "1"]
[White "UnTucopalaTimba"]
[Black "xasid81"]
[Result "0-1"]
[WhiteElo "1995"]
[BlackElo "2585"]
[TimeControl "180+1"]
[EndTime "8:01:37 PDT"]
[Termination "xasid81 won by resignation"]

1. e4 d5 2. exd5 Qxd5 3. Nc3 Qe5+ 4. Qe2 Qxe2+ 5. Bxe2 c6 6. d4 Bf5 7. Kd1 e6 8. Bf4 Nf6 9. Nf3 Nbd7 10. h3 Bb4 11. Kd2 Ne4+ 12. Kc1 Bxc3 13. bxc3 Nxc3 14. Bc4 Nb6 15.
Bb3 Ne2+ 0-1

[Event "Early-Titled-Tuesday-Blitz-March-19-2024"]
[Site "Chess.com"]
[Date "2024.03.19"]
[Round "1"]
[White "Bauman_Guy"]
[Black "Eliwood44"]
[Result "1-0"]
[WhiteElo "2933"]
[BlackElo "2526"]
[TimeControl "180+1"]
[EndTime "8:01:41 PDT"]
[Termination "Bauman_Guy won by resignation"]

1. e4 e5 2. Nf3 Nc6 3. Bb5 Nf6 4. O-O Nxe4 5. Re1 Nd6 6. a4 Be7 7. Nc3 O-O 8. d4 exd4 9. Nd5 Re8 10. Bf4 Nf5 11. Bxc7 1-0

[Event "Early-Titled-Tuesday-Blitz-March-19-2024"]
[Site "Chess.com"]
[Date "2024.03.19"]
[Round "1"]
[White "Iball95"]
[Black "MasterKroket"]
[Result "1-0"]
[WhiteElo "2896"]
[BlackElo "2503"]
[TimeControl "180+1"]
[EndTime "8:02:05 PDT"]
[Termination "Iball95 won by resignation"]

1. e4 c5 2. Nf3 Nc6 3. Nc3 e6 4. d4 cxd4 5. Nxd4 Nf6 6. Bf4 e5 7. Nxc6 bxc6 8. Bxe5 Qe7 9. Qd4 d6 10. Bxf6 gxf6 11. O-O-O Be6 12. Bc4 Bg7 13. Bxe6 Qxe6 14. Qxd6 1-0

[Event "Early-Titled-Tuesday-Blitz-March-19-2024"]
[Site "Chess.com"]
[Date "2024.03.19"]
[Round "1"]
[White "SlavenPastar"]
[Black "dianamirza"]
[Result "1-0"]
[WhiteElo "2585"]
[BlackElo "2001"]
[TimeControl "180+1"]
[EndTime "8:02:08 PDT"]
[Termination "SlavenPastar won by resignation"]

1. Nf3 d5 2. g3 c5 3. Bg2 Nc6 4. O-O e5 5. c4 d4 6. d3 Nf6 7. e3 Be7 8. exd4 Nxd4 9. Nxe5 Be6 10. Bxb7 Rb8 11. Bg2 O-O 12. Nc3 Bd6 13. Nc6 Qc7 14. Nxd4 cxd4 15. Nb5 Qd7 16. Nxd6 Qxd6 17. Bf4 1-0

[Event "Early-Titled-Tuesday-Blitz-March-19-2024"]
[Site "Chess.com"]
[Date "2024.03.19"]
[Round "1"]
[White "javirec"]
[Black "Perecke"]
[Result "0-1"]
[WhiteElo "2238"]
[BlackElo "2623"]
[TimeControl "180+1"]
[EndTime "8:02:20 PDT"]
[Termination "Perecke won by resignation"]

1. Nf3 d5 2. g3 Nf6 3. Bg2 Bg4 4.
O-O Nbd7 5. d3 e6 6. c4 Be7 7. Nc3 O-O 8. Bf4 Re8 9. Ne5 Nxe5 10. Bxe5 Nd7 11. Bf4 e5 12. Bd2 d4 13. Nb1 c6 14. f3 Be6 15. f4 f6 16. Be3 dxe3 17. Nc3 exf4 18. Rxf4 Ne5 19. b3 Ng4 0-1

[Event "Early-Titled-Tuesday-Blitz-March-19-2024"]
[Site "Chess.com"]
[Date "2024.03.19"]
[Round "1"]
[White "nihalsarin"]
[Black "Revan_2002"]
[Result "1-0"]
[WhiteElo "3173"]
[BlackElo "2576"]
[TimeControl "180+1"]
[EndTime "8:02:34 PDT"]
[Termination "nihalsarin won by resignation"]

1. a3 e5 2. c4 Nf6 3. d3 Nc6 4.
Nf3 a5 5. Nc3 d5 6. cxd5 Nxd5 7.
e3 Be7 8. Be2 O-O 9. O-O Be6 10.
Bd2 Qd7 11. Rc1 Rfd8 12. Ne4 f6 13. Qc2 a4 14. h3 Nb6 15. Nc5 Bxc5 16. Qxc5 Ra5 17.
Bxa5 1-0

[Event "Early-Titled-Tuesday-Blitz-March-19-2024"]
[Site "Chess.com"]
[Date "2024.03.19"]
[Round "1"]
[White "HamedWafa4"]
[Black "Cheer_Down"]
[Result "1-0"]
[WhiteElo "2826"]
[BlackElo "2454"]
[TimeControl "180+1"]
[EndTime "8:02:38 PDT"]
[Termination "HamedWafa4 won by resignation"]

1. e4 e5 2. Nf3 Nc6 3. Bb5 a6 4. Ba4 Nf6 5. O-O Be7 6. d3 b5 7.
Bb3 O-O 8. a4 Rb8 9. axb5 axb5 10. Nc3 d6 11. h3 h6 12. Be3 Be6 13. Nd5 Qd7 14. Qd2 Ra8 15. Qc3 Rfb8 16. Qxc6 1-0

[Event "Early-Titled-Tuesday-Blitz-March-19-2024"]
[Site "Chess.com"]
[Date "2024.03.19"]
[Round "1"]
[White "Lady_Nika"]
[Black "MagnusCarlsen"]
[Result "0-1"]
[WhiteElo "2577"]
[BlackElo "3265"]
[TimeControl "180+1"]
[EndTime "8:02:49 PDT"]
[Termination "MagnusCarlsen won by resignation"]

1. d4 Na6 2. e3 Nf6 3. f4 c5 4.
Nf3 g6 5. c3 Bg7 6. Bd3 O-O 7.
O-O b6 8. Nbd2 Bb7 9. f5 e6 10.
fxg6 fxg6 11. Qe2 Nb8 12. e4 cxd4 13. cxd4 Nc6 14. Nb3 Nb4 15. Bg5 Nxd3 16. Qxd3 Bxe4 17. Qe2 Bd5 18. Ne5 Qe8 19. Nd2 d6 20. Nec4 Qb5 21. b3 Bxc4 22. bxc4 Qxg5 23. Qxe6+ Kh8 0-1

[Event "Early-Titled-Tuesday-Blitz-March-19-2024"]
[Site "Chess.com"]
[Date "2024.03.19"]
[Round "1"]
[White "maximnovik"]
[Black "Alina_Gumerovna"]
[Result "1-0"]
[WhiteElo "2609"]
[BlackElo "2158"]
[TimeControl "180+1"]
[EndTime "8:02:59 PDT"]
[Termination "maximnovik won by resignation"]

1. e4 e6 2. d4 d5 3. e5 c5 4. c3 Nc6 5. Nf3 Nge7 6. Na3 cxd4 7. cxd4 Nf5 8. Nc2 Qb6 9. Be2 Be7 10. h4 h5 11. a3 a5 12. Rb1 Bd7 13. Bg5 Bxg5 14. hxg5 O-O-O 15. b4 h4 16. Qd2 axb4 17. axb4 Nxb4 1-0

[Event "Early-Titled-Tuesday-Blitz-March-19-2024"]
[Site "Chess.com"]
[Date "2024.03.19"]
[Round "1"]
[White "LikeWater"]
[Black "gpsji27"]
[Result "1-0"]
[WhiteElo "2676"]
[BlackElo "2336"]
[TimeControl "180+1"]
[EndTime "8:03:09 PDT"]
[Termination "LikeWater won by resignation"]

1. e4 e5 2. f4 exf4 3. Bc4 Qh4+ 4. Kf1 Bc5 5. d4 Bb6 6. Nf3 Qe7 7. Nc3 d6 8. Bxf4 Bg4 9. Nd5 Qxe4 10. Qd2 Bxf3 11.
Re1 Bxg2+ 12. Qxg2 Qxe1+ 13. Kxe1 Nd7 14. Qxg7 1-0

[Event "Early-Titled-Tuesday-Blitz-March-19-2024"]
[Site "Chess.com"]
[Date "2024.03.19"]
[Round "1"]
[White "LileKoridze"]
[Black "Susal_De_Silva"]
[Result "0-1"]
[WhiteElo "2446"]
[BlackElo "2814"]
[TimeControl "180+1"]
[EndTime "8:03:13 PDT"]
[Termination "Susal_De_Silva won by resignation"]

1. d4 Nf6 2. c4 e6 3. Nf3 b6 4. g3 Bb7 5. Bg2 g6 6. O-O Bg7 7. Nc3 Ne4 8. Qc2 Nxc3 9. Qxc3 O-O 10. Re1 f5 11. Nd2 Bxg2 12. Kxg2 c5 13. e3 Nc6 14. Nf3 d5 15. cxd5 Qxd5 16. Rd1 g5 17. e4 fxe4 18.
Ne1 cxd4 19. Qb3 e3+ 20. Qxd5 Rxf2+ 21. Kg1 exd5 0-1

[Event "Early-Titled-Tuesday-Blitz-March-19-2024"]
[Site "Chess.com"]
[Date "2024.03.19"]
[Round "1"]
[White "Beca95"]
[Black "RedFirePanda"]
[Result "1-0"]
[WhiteElo "2979"]
[BlackElo "2540"]
[TimeControl "180+1"]
[EndTime "8:03:14 PDT"]
[Termination "Beca95 won by resignation"]

1. d4 Nf6 2. c4 e6 3. Nc3 d5 4.
Bg5 c6 5. Nf3 Be7 6. e3 O-O 7.
Qc2 Nbd7 8. h4 h6 9. Bf4 Re8 10. O-O-O a5 11. g4 Nxg4 12. Rg1 h5 13. Bh3 Ndf6 14. Ng5 g6 15. f3 Nh6 16. Nxe6 Bxe6 17. Bxe6 Kg7 18. Bxh6+ Kxh6 19. Bxf7 1-0

[Event "Early-Titled-Tuesday-Blitz-March-19-2024"]
[Site "Chess.com"]
[Date "2024.03.19"]
[Round "1"]
[White "DanielDardha2005"]
[Black "Rogarcia1"]
[Result "1-0"]
[WhiteElo "2872"]
[BlackElo "2492"]
[TimeControl "180+1"]
[EndTime "8:03:19 PDT"]
[Termination "DanielDardha2005 won by resignation"]

1. d4 d5 2. c4 c6 3. Nf3 Nf6 4. e3 Bf5 5. Nc3 e6 6. Nh4 Be4 7. f3 Bg6 8. Bd2 Be7 9. cxd5 exd5 10. Qb3 Qc7 11. Nxg6 hxg6 12. O-O-O Nbd7 13. e4 Nb6 14. e5 Nfd7 15. f4 a5 16. Kb1 a4 17. Qc2 Nc4 18. Bxc4 dxc4 19. d5 cxd5 20. Nxd5 1-0

[Event "Early-Titled-Tuesday-Blitz-March-19-2024"]
[Site "Chess.com"]
[Date "2024.03.19"]
[Round "1"]
[White "Arystanner"]
[Black "balack95"]
[Result "1-0"]
[WhiteElo "2837"]
[BlackElo "2470"]
[TimeControl "180+1"]
[EndTime "8:03:22 PDT"]
[Termination "Arystanner won by resignation"]

1. d4 Nf6 2. c4 e6 3. Nc3 Bb4 4. Nf3 O-O 5. Bg5 h6 6. Bh4 d6 7. e4 g5 8. Nxg5 hxg5 9. Bxg5 Nbd7 10. e5 Bxc3+ 11. bxc3 dxe5 12. dxe5 c6 13. exf6 Qa5 14. Qg4 Ne5 15. Qg3 Ng6 16. Be2 e5 17. h4 Kh7 18. h5 Nf4 19. Bxf4 1-0

[Event "Early-Titled-Tuesday-Blitz-March-19-2024"]
[Site "Chess.com"]
[Date "2024.03.19"]
[Round "1"]
[White "Sattarov_Bobur"]
[Black "whiteglovethief"]
[Result "1-0"]
[WhiteElo "2824"]
[BlackElo "2453"]
[TimeControl "180+1"]
[EndTime "8:03:37 PDT"]
[Termination "Sattarov_Bobur won by resignation"]

1. e4 e6 2. d4 d5 3. e5 c5 4.
c3 Nc6 5. Nf3 Bd7 6. Bd3 cxd4 7.
O-O Nge7 8. Re1 Nf5 9. a3 dxc3 10.
Nxc3 g6 11. b4 a6 12. Bb2 Be7 13. Nxd5 O-O 14. Nf6+ Bxf6 15. exf6 Na7 16. Bxf5 exf5 17. Qd2 1-0

[Event "Early-Titled-Tuesday-Blitz-March-19-2024"]
[Site "Chess.com"]
[Date "2024.03.19"]
[Round "1"]
[White "lamomiajunior"]
[Black "emeli_chess"]
[Result "0-1"]
[WhiteElo "2732"]
[BlackElo "2426"]
[TimeControl "180+1"]
[EndTime "8:03:41 PDT"]
[Termination "emeli_chess won by resignation"]

1. d4 Nf6 2. c4 e6 3. Nc3 Bb4 4. e3 b6 5. Ne2 Ba6 6. a3 Bxc3+ 7.
Nxc3 d5 8. cxd5 Bxf1 9. Kxf1 exd5 10. Qf3 O-O 11. h4 Re8 12. h5 h6 13. Bd2 Ne4 14. Nxe4 Rxe4 15. Rc1 c6 16. g3 Qd7 17. Kg2 Na6 18. b4 Nc7 19. a4 Ne6 20. Rc2 Re8 21.
Rhc1 Ng5 22. Qe2 Qh3+ 23. Kg1 Rh4 24. gxh4 Nf3+ 25. Qxf3 Qxf3 26. Rxc6 Re4 27. Kf1 Rxh4 0-1

[Event "Early-Titled-Tuesday-Blitz-March-19-2024"]
[Site "Chess.com"]
[Date "2024.03.19"]
[Round "1"]
[White "Aradhya2000"]
[Black "MarijaKuznecova"]
[Result "1-0"]
[WhiteElo "2706"]
[BlackElo "2358"]
[TimeControl "180+1"]
[EndTime "8:03:43 PDT"]
[Termination "Aradhya2000 won by resignation"]

1. d4 Nf6 2. c4 c5 3. dxc5 e6 4. Be3 Nc6 5. Nf3 Ng4 6. Bg5 Qa5+ 7. Nc3 Bxc5 8. e3 Bb4 9. Qc2 Nce5 10. Bf4 d5 11.
Nxe5 Nxe5 12. Bxe5 f6 13. Bg3 O-O 14. Bd3 f5 15. O-O d4 16. exd4 Qd8 17. Be5 1-0

[Event "Early-Titled-Tuesday-Blitz-March-19-2024"]
[Site "Chess.com"]
[Date "2024.03.19"]
[Round "1"]
[White "Rutricks"]
[Black "rhwr"]
[Result "1-0"]
[WhiteElo "2706"]
[BlackElo "2354"]
[TimeControl "180+1"]
[EndTime "8:03:43 PDT"]
[Termination "Rutricks won by resignation"]

1. e4 c5 2. f4 e6 3. Qe2 Nc6 4. Nf3 Qc7 5. g3 b6 6. Bg2 Bb7 7. O-O Nd4 8. Nxd4 cxd4 9. c3 Bc5 10.
Kh1 Ne7 11. b4 a5 12. bxc5 bxc5 13. Na3 Ba6 14. c4 Nc6 15. d3 O-O 16. Nb5 Bxb5 17. cxb5 Ne7 18. a4 d6 19. Ba3 Rab8 20. Rac1 Nc8 21.
e5 dxe5 22. Rxc5 Qd7 23. Qxe5 Nb6 24. Rc7 1-0

[Event "Early-Titled-Tuesday-Blitz-March-19-2024"]
[Site "Chess.com"]
[Date "2024.03.19"]
[Round "1"]
[White "sorch29"]
[Black "Nitzan_Steinberg"]
[Result "0-1"]
[WhiteElo "2492"]
[BlackElo "2869"]
[TimeControl "180+1"]
[EndTime "8:03:45 PDT"]
[Termination "Nitzan_Steinberg won by resignation"]

1. d4 Nf6 2. c4 g6 3. Nc3 Bg7 4. e4 d6 5. Be2 O-O 6. Be3 Nbd7 7. Qc2 c5 8. d5 a6 9. a4 e6 10. h3 exd5 11. exd5 Re8 12. Nf3 Rxe3 13. fxe3 Qe7 14. Kf2 Ne5 15. Rhe1 Neg4+ 16. hxg4 Nxg4+ 17. Kg1 Qxe3+ 18.
Kh1 Qh6+ 19. Kg1 Bd4+ 0-1

[Event "Early-Titled-Tuesday-Blitz-March-19-2024"]
[Site "Chess.com"]
[Date "2024.03.19"]
[Round "1"]
[White "NewYearGirl"]
[Black "carokannlover213"]
[Result "0-1"]
[WhiteElo "2431"]
[BlackElo "2794"]
[TimeControl "180+1"]
[EndTime "8:03:45 PDT"]
[Termination "carokannlover213 won by resignation"]

1. e4 e5 2. Nf3 Nf6 3. Nxe5 Nxe4 4. Nf3 d5 5. Nc3 Nxc3 6. dxc3 Be7 7. Bf4 O-O 8. Qd2 Be6 9. O-O-O Nd7 10. Kb1 a5 11. h3 a4 12. g4 a3 13. b3 c5 14. h4 Bxg4 15. Bg2 Nf6 16. Rhg1 Ne4 17. Qe1 Bf6 18.
Bd2 Re8 19. Qf1 Bxc3 20. Bc1 Bb2 21. Bxb2 axb2 22. Rd3 Qa5 23. a4 c4 24. Re3 cxb3 25. Kxb2 bxc2 26. Ng5 Qb4+ 27. Rb3 Qd4+ 0-1

[Event "Early-Titled-Tuesday-Blitz-March-19-2024"]
[Site "Chess.com"]
[Date "2024.03.19"]
[Round "1"]
[White "Crazy_girl99"]
[Black "MikeSailer"]
[Result "1-0"]
[WhiteElo "2599"]
[BlackElo "2118"]
[TimeControl "180+1"]
[EndTime "8:03:55 PDT"]
[Termination "Crazy_girl99 won by resignation"]

1. e4 d5 2. exd5 Qxd5 3. Nc3 Qd6 4. d4 c6 5. Bc4 Bf5 6. Nge2 Nf6 7. Bf4 Qd8 8. O-O e6 9. Ng3 Bg6 10. h4 h6 11. h5 Bh7 12. Re1 Be7 13. Nce4 Nxe4 14.
Nxe4 O-O 15. Qg4 Kh8 16. Be5 Rg8 17. Qf4 Bxe4 18. Rxe4 f6 19. Bxb8 Rxb8 20. Bxe6 Rf8 21. Bf5 Bd6 22. Qg4 Rf7 23. Qg6 Qg8 24. Be6 1-0

[Event "Early-Titled-Tuesday-Blitz-March-19-2024"]
[Site "Chess.com"]
[Date "2024.03.19"]
[Round "1"]
[White "joksijoksi"]
[Black "TV27"]
[Result "1-0"]
[WhiteElo "2626"]
[BlackElo "2243"]
[TimeControl "180+1"]
[EndTime "8:04:01 PDT"]
[Termination "joksijoksi won by resignation"]

1. d4 f5 2. c4 Nf6 3. g3 g6 4.
Bg2 Bg7 5. Nc3 d6 6. Nf3 O-O 7. O-O c6 8. Qc2 Na6 9. Re1 Qe8 10. a3 e5 11. dxe5 dxe5 12. e4 f4 13.
b4 Nc7 14. Bb2 Nh5 15. Rad1 Bg4 16. Rd3 Ne6 17. Nh4 Nd4 18. Qd2 fxg3 19. hxg3 Rd8 20.
Na4 Qf7 21. Nc5 b6 22. Bxd4 bxc5 23. Bxc5 Rxd3 24. Qxd3 Rd8 25. Qxd8+ Bf8 26. Qxf8+ Qxf8 27. Bxf8 Kxf8 28. f3 1-0

[Event "Early-Titled-Tuesday-Blitz-March-19-2024"]
[Site "Chess.com"]
[Date "2024.03.19"]
[Round "1"]
[White "Hikaru"]
[Black "ArmanGhevondyanchess"]
[Result "1-0"]
[WhiteElo "3285"]
[BlackElo "2577"]
[TimeControl "180+1"]
[EndTime "8:04:04 PDT"]
[Termination "Hikaru won by resignation"]

1. Nf3 Nf6 2. b3 g6 3. Bb2 Bg7 4. d4 O-O 5. e3 d5 6. c4 c5 7. dxc5 Qa5+ 8. Nbd2 Qxc5 9. Rc1 dxc4 10. Bxc4 Qa5 11. a3 Nc6 12. b4 Qh5 13. Be2 Qf5 14. O-O Rd8 15. Rc5 Qd7 16. Qc1 a6 17. Nc4 Qe8 18. Nb6 Rb8 19. Ne5 Be6 20. Nxc6 bxc6 21.
Rxc6 Nd7 22. Bxg7 Kxg7 23. Nxd7 Rxd7 24. Bxa6 Ra7 25. Be2 Rba8 26. Rc3 f6 27. Bf3 Rb8 28. Qb2 Bf7 29. Rfc1 Rd8 30. Rc7 Rd7 31. Rxa7 Rxa7 32. b5 Qb8 33. b6 Rd7 34. b7 Rd8 35. g3 e5 36. a4 Kg8 37. a5 f5 38. Qb6 Re8 39. a6 e4 40. a7 1-0

[Event "Early-Titled-Tuesday-Blitz-March-19-2024"]
[Site "Chess.com"]
[Date "2024.03.19"]
[Round "1"]
[White "moro182"]
[Black "BashiqChess"]
[Result "1-0"]
[WhiteElo "2829"]
[BlackElo "2455"]
[TimeControl "180+1"]
[EndTime "8:04:05 PDT"]
[Termination "moro182 won by resignation"]

1. d4 d5 2. Bf4 e6 3. e3 Bd6 4. Nf3 Nf6 5. Nbd2 O-O 6. Bd3 c5 7. dxc5 Bxf4 8. exf4 Qc7 9. g3 Qxc5 10. O-O b6 11. Qe2 a5 12. Nb3 Qc7 13. Nbd4 Ba6 14. Rac1 Qb7 15. f5 exf5 16. Nxf5 Re8 17. Qd2 Bxd3 18. cxd3 Nc6 19. Qg5 g6 20. Qxf6 gxf5 21. Qxc6 1-0

[Event "Early-Titled-Tuesday-Blitz-March-19-2024"]
[Site "Chess.com"]
[Date "2024.03.19"]
[Round "1"]
[White "santosalberto1987"]
[Black "adotand"]
[Result "0-1"]
[WhiteElo "2551"]
[BlackElo "3009"]
[TimeControl "180+1"]
[EndTime "8:04:07 PDT"]
[Termination "adotand won by resignation"]

1. e4 c5 2. Nf3 Nc6 3. Nc3 d6 4. d4 cxd4 5. Nxd4 Nf6 6. Bg5 a6 7. Qd2 e6 8. f4 Bd7 9. O-O-O b5 10. e5 dxe5 11. Nxc6 Bxc6 12. Qxd8+ Rxd8 13. Rxd8+ Kxd8 14. fxe5 h6 15. Bh4 g5 16. exf6 gxh4 17. Be2 Bxg2 18.
Rd1+ Kc7 19. a4 b4 20. Nb1 a5 21. Nd2 Bd6 22. Bf3 h3 23. Bxg2 hxg2 24. Nf3 Rg8 25. Kd2 Bxh2 0-1

[Event "Early-Titled-Tuesday-Blitz-March-19-2024"]
[Site "Chess.com"]
[Date "2024.03.19"]
[Round "1"]
[White "Witik"]
[Black "The_Straightforward_Rook"]
[Result "1-0"]
[WhiteElo "2766"]
[BlackElo "2418"]
[TimeControl "180+1"]
[EndTime "8:04:11 PDT"]
[Termination "Witik won by resignation"]

1. d4 Nf6 2. c4 e6 3. g3 d5 4.
Nf3 Bb4+ 5. Bd2 Be7 6. Bg2 O-O 7. O-O c6 8. Qc2 b6 9. Rc1 Ba6 10. b3 Re8 11. a4 Ne4 12. a5 b5 13. c5 Nd7 14.
Be1 f5 15. Nc3 Nxc3 16. Bxc3 Bf6 17. e3 Qe7 18. Ne1 g6 19. Nd3 e5 20. Nb4 Nb8 21.
Nxd5 cxd5 22. Bxd5+ Kg7 23. Bxa8 Bb7 24. dxe5 1-0

[Event "Early-Titled-Tuesday-Blitz-March-19-2024"]
[Site "Chess.com"]
[Date "2024.03.19"]
[Round "1"]
[White "Sanan_Sjugirov"]
[Black "Willhaven3"]
[Result "1-0"]
[WhiteElo "3030"]
[BlackElo "2554"]
[TimeControl "180+1"]
[EndTime "8:04:21 PDT"]
[Termination "Sanan_Sjugirov won by checkmate"]

1. e4 Nf6 2. e5 Nd5 3. d4 d6 4. exd6 cxd6 5. c4 Nb6 6. Nc3 g6 7. Bg5 Bg7 8. Qd2 Nc6 9. d5 Ne5 10. b3 h6 11. Bf4 Bf5 12. Be2 g5 13. Be3 Bg6 14. Nf3 f5 15. Nd4 Bf6 16. g3 Qd7 17. Rc1 O-O 18. h4 f4 19. gxf4 gxf4 20. Bxf4 h5 21.
Ne6 Rf7 22. Rg1 Kh7 23. Bxe5 dxe5 24. Rxg6 Kxg6 25. Bd3+ e4 26. Bxe4# 1-0

[Event "Early-Titled-Tuesday-Blitz-March-19-2024"]
[Site "Chess.com"]
[Date "2024.03.19"]
[Round "1"]
[White "ajeale2"]
[Black "Binary010"]
[Result "0-1"]
[WhiteElo "2461"]
[BlackElo "2829"]
[TimeControl "180+1"]
[EndTime "8:04:21 PDT"]
[Termination "Binary010 won by resignation"]

1. d4 Nf6 2. Bf4 d5 3. e3 c5 4.
Nd2 Nc6 5. c3 Bf5 6. Ngf3 e6 7.
Qb3 Qc8 8. c4 cxd4 9. exd4 Be7 10.
Rc1 O-O 11. Be2 dxc4 12. Nxc4 Nd5 13. Bg3 Na5 14. Qa4 Nxc4 15. Rxc4 Qd8 16. Qb3 b5 17. Rc1 Bb4+ 18. Kf1 a6 19. h3 Rc8 20. Rxc8 Qxc8 21. Kg1 Bc2 0-1

[Event "Early-Titled-Tuesday-Blitz-March-19-2024"]
[Site "Chess.com"]
[Date "2024.03.19"]
[Round "1"]
[White "Alexei_Gubajdullin"]
[Black "GolfBeforeChess"]
[Result "1-0"]
[WhiteElo "2657"]
[BlackElo "2304"]
[TimeControl "180+1"]
[EndTime "8:04:27 PDT"]
[Termination "Alexei_Gubajdullin won by resignation"]

1. Nf3 Nf6 2. g3 d5 3. Bg2 c6 4.
O-O Bf5 5. d3 h6 6. Nbd2 e6 7.
Qe1 Be7 8. e4 dxe4 9. dxe4 Bh7 10. e5 Nd5 11. Ne4 O-O 12. a3 Nd7 13. c4 N5b6 14. b4 Nxc4 15. Bf4 Ncb6 16. Nd6 Qc7 17. Rc1 Nd5 18. Bd2 Bxd6 19. exd6 Qxd6 20. Qe2 Rfd8 21.
Rfd1 Qe7 22. Be1 N7f6 23. Qb2 Nb6 24. Ne5 Rxd1 25. Rxd1 Rd8 26. Rc1 Be4 27. Bh3 Qd6 28.
f3 Bh7 29. Bf2 Nfd7 30. Bd4 Nxe5 31. Bxe5 f6 32. Bxd6 1-0

[Event "Early-Titled-Tuesday-Blitz-March-19-2024"]
[Site "Chess.com"]
[Date "2024.03.19"]
[Round "1"]
[White "Robert_Chessmood"]
[Black "PelinGorki"]
[Result "1-0"]
[WhiteElo "2984"]
[BlackElo "2542"]
[TimeControl "180+1"]
[EndTime "8:04:28 PDT"]
[Termination "Robert_Chessmood won by resignation"]

1. e4 d6 2. d4 Nf6 3. Nc3 c6 4. f4 Qa5 5. Bd2 e5 6. Nd5 Qd8 7. Nxf6+ Qxf6 8. fxe5 dxe5 9. Nf3 exd4 10. Bc4 Bg4 11.
O-O Bc5 12. h3 h5 13. e5 Qg6 14. Bd3 Qe6 15. hxg4 hxg4 16. Ng5 Qh6 17. Qxg4 Nd7 18. Qh3 1-0

[Event "Early-Titled-Tuesday-Blitz-March-19-2024"]
[Site "Chess.com"]
[Date "2024.03.19"]
[Round "1"]
[White "PLAYER_2006_M"]
[Black "jup1978"]
[Result "1-0"]
[WhiteElo "2929"]
[BlackElo "2525"]
[TimeControl "180+1"]
[EndTime "8:04:29 PDT"]
[Termination "PLAYER_2006_M won by resignation"]

1. e4 c6 2. Nf3 d5 3. Nc3 dxe4 4. Nxe4 Nf6 5. Qe2 Nxe4 6. Qxe4 Nd7 7. Bc4 Nf6 8. Ne5 e6 9. Qe2 b5 10. Bd3 Bd6 11.
a4 b4 12. b3 Qc7 13. Bb2 Nd5 14. O-O-O Nf4 15. Qe4 Nxd3+ 16. Nxd3 O-O 17. Rde1 Bb7 18. Qg4 f5 19. Qc4 a5 20. Rxe6 Kh8 21. Rhe1 Ba6 22.
Qh4 Bxd3 23. cxd3 Qd7 24. Qd4 Rf6 25. Rxf6 gxf6 26. Qxf6+ Kg8 27. Qh8+ 1-0

[Event "Early-Titled-Tuesday-Blitz-March-19-2024"]
[Site "Chess.com"]
[Date "2024.03.19"]
[Round "1"]
[White "chess94cu"]
[Black "le-castor-faineant"]
[Result "1/2-1/2"]
[WhiteElo "2632"]
[BlackElo "2276"]
[TimeControl "180+1"]
[EndTime "8:04:32 PDT"]
[Termination "Game drawn by agreement"]

1. d4 Nf6 2. c4 g6 3. g3 Bg7 4. Bg2 d6 5. Nc3 O-O 6. Nf3 c5 7. O-O Nc6 8. d5 Na5 9. Nd2 a6 10. Qc2 Rb8 11. a4 e6 12. e4 exd5 13. exd5 Bf5 14.
Nce4 Nxe4 15. Bxe4 Bxe4 16. Nxe4 b5 17. axb5 axb5 18.
Nxd6 Qxd6 19. Rxa5 bxc4 20. Qxc4 Bxb2 21. Bxb2 Rxb2 22. Rxc5 Rd2 23. h4 Rd8 24. Re1 Rxd5 25. Rxd5 Qxd5 26. Re8+ Kg7 27. Qc3+ Qd4 28. Qxd4+ Rxd4 29. Kg2 h5 30. Re5 Rd3 31. Ra5 Rb3 32. Kf1 Rb2 33.
Kg2 Rb3 1/2-1/2

[Event "Early-Titled-Tuesday-Blitz-March-19-2024"]
[Site "Chess.com"]
[Date "2024.03.19"]
[Round "1"]
[White "Kostya0705"]
[Black "mishanick"]
[Result "0-1"]
[WhiteElo "2572"]
[BlackElo "3123"]
[TimeControl "180+1"]
[EndTime "8:04:35 PDT"]
[Termination "mishanick won by resignation"]

1. e4 c5 2. Nf3 d6 3. d4 cxd4 4. Nxd4 Nf6 5. Nc3 a6 6. h4 e5 7. Nb3 b5 8. a4 b4 9. Nd5 Nxd5 10. exd5 Be7 11. Be3 Bxh4 12. a5 Bg5 13. Qh5 Bxe3 14. fxe3 Nd7 15. Bd3 Nf6 16. Qg5 e4 17. Nd4 exd3 18.
Nc6 d2+ 19. Kf1 Qd7 20. Qxg7 Qf5+ 21. Kg1 Rg8 0-1

[Event "Early-Titled-Tuesday-Blitz-March-19-2024"]
[Site "Chess.com"]
[Date "2024.03.19"]
[Round "1"]
[White "TregubovP"]
[Black "arnash_bauyrzhan"]
[Result "1-0"]
[WhiteElo "2687"]
[BlackElo "2346"]
[TimeControl "180+1"]
[EndTime "8:04:36 PDT"]
[Termination "TregubovP won by resignation"]

1. e4 c5 2. Nf3 e6 3. c3 Nc6 4. d4 d5 5. e5 Qb6 6. Be2 f6 7. O-O fxe5 8. Nxe5 Nf6 9. Na3 Bd6 10.
Bf4 O-O 11. Nec4 dxc4 12. Bxd6 Qxb2 13. Nxc4 Qxc3 14. Bxc5 1-0

[Event "Early-Titled-Tuesday-Blitz-March-19-2024"]
[Site "Chess.com"]
[Date "2024.03.19"]
[Round "1"]
[White "djano"]
[Black "JiiHart"]
[Result "1-0"]
[WhiteElo "2611"]
[BlackElo "2200"]
[TimeControl "180+1"]
[EndTime "8:04:38 PDT"]
[Termination "djano won by checkmate"]

1. e4 c5 2. Nc3 g6 3. Bc4 Bg7 4. h4 Nf6 5. d3 d6 6. h5 Nxh5 7. Rxh5 gxh5 8. Qxh5 e6 9. Nf3 Nc6 10. Bg5 Qa5 11. Bd2 a6 12. Ng5 Ne5 13. Bxe6 Bxe6 14. Nxe6 Bf6 15. Nd5 Qa4 16. b3 Qa3 17. Nxf6+ Ke7 18.
Nd5+ Kxe6 19. Qf5# 1-0

[Event "Early-Titled-Tuesday-Blitz-March-19-2024"]
[Site "Chess.com"]
[Date "2024.03.19"]
[Round "1"]
[White "Jumbo"]
[Black "Real_taiatai"]
[Result "1-0"]
[WhiteElo "2902"]
[BlackElo "2504"]
[TimeControl "180+1"]
[EndTime "8:04:39 PDT"]
[Termination "Jumbo won by resignation"]

1. d4 Nf6 2. Nf3 g6 3. Bf4 Bg7 4. e3 O-O 5. Be2 d6 6. O-O Nc6 7.
h3 Nd7 8. c3 e5 9. Bh2 f5 10.
a4 a6 11. Na3 e4 12. Nd2 Nf6 13. b4 Ne7 14. b5 axb5 15. Nxb5 Kh8 16. c4 g5 17. c5 Ne8 18. cxd6 Nxd6 19. Qc2 Nd5 20. Qc5 Nxb5 21. axb5 Rxa1 22. Rxa1 f4 23. Nxe4 fxe3 24.
fxe3 Nxe3 25. Be5 Qd5 26. Qxf8+ 1-0

[Event "Early-Titled-Tuesday-Blitz-March-19-2024"]
[Site "Chess.com"]
[Date "2024.03.19"]
[Round "1"]
[White "carloseduar100"]
[Black "1mbl4"]
[Result "0-1"]
[WhiteElo "2261"]
[BlackElo "2629"]
[TimeControl "180+1"]
[EndTime "8:04:40 PDT"]
[Termination "1mbl4 won by checkmate"]

1. d4 Nf6 2. Bg5 g6 3. Bxf6 exf6 4. g3 d5 5. Bg2 f5 6. e3 c6 7. Ne2 Bd6 8. Nd2 Nd7 9. c4 Nf6 10. O-O h5 11. Qb3 h4 12. cxd5 hxg3 13. hxg3 cxd5 14.
Nc3 Be6 15. Nxd5 Nxd5 16. Bxd5 Bxg3 17. Bxe6 Bh2+ 18. Kg2 Qg5+ 19. Kh1 Bg1# 0-1